 Dungeon Crawl Stone Soup version 0.27.0-1-g7a089689b8 (webtiles) character file.

Game seed: 9292350999939960232

439 inmateoo the Bolt Thrower (level 7, 0/54 HPs)
             Began as a Formicid Hunter on Aug 10, 2021.
             Killed from afar by a ynoxinul (28 damage)
             ... with an iron shot
             ... summoned by a kobold demonologist
             ... on level 5 of the Dungeon.
             The game lasted 00:05:27 (4565 turns).

inmateoo the Bolt Thrower (Formicid Hunter)         Turns: 4565, Time: 00:05:27

Health: 0/54       AC:  9    Str: 16    XL:     7   Next: 22%
Magic:  7/7        EV: 10    Int: 11    God:
Gold:   101        SH:  0    Dex: 13    Spells: 6/6 levels left

rFire    + . .     SeeInvis +   a - +2 hand crossbow
rCold    + + .     Faith    .   (no shield)
rNeg     . . .     Spirit   .   m - +2 scale mail {rF+}
rPois    .         Reflect  .   (helmet unavailable)
rElec    .         Harm     .   (no cloak)
rCorr    .         Rampage  .   (no gloves)
Will     .....                  (no boots)
Stlth    +.........             (no amulet)
HPRegen  0.18/turn              f - ring of protection from cold
MPRegen  0.10/turn              h - ring of protection from cold

@: no status effects
A: permanent stasis, dig shafts and tunnels, antennae 3, four strong arms
a: Dig, Shaft Self


You were on level 5 of the Dungeon.
You visited 2 branches of the dungeon, and saw 6 of its levels.

You collected 101 gold pieces.

Inventory:

Hand Weapons
 a - a +2 hand crossbow (weapon)
 b - a +0 short sword
Missiles
 d - 7 bolts (quivered ammo)
Armour
 m - a +2 scale mail of fire resistance (worn)
Jewellery
 f - a ring of protection from cold (left hand)
 h - a ring of protection from cold (right hand)
Scrolls
 c - 2 scrolls of enchant weapon
Potions
 e - a potion of curing
 g - a potion of might
 i - 2 potions of brilliance {unknown}
 j - a potion of lignification
 k - a potion of flight
 l - a potion of haste {unknown}


   Skills:
 - Level 4.0 Fighting
 + Level 5.9 Crossbows
 + Level 4.3 Armour
 - Level 2.0 Dodging
 - Level 2.0 Stealth


You had 6 spell levels left.
You didn't know any spells.
Your spell library contained the following spells:

 Spells                   Type           Power      Damage    Failure   Level
 Animate Skeleton         Necr           0%         N/A       77%         1
 Pain                     Necr           0%         1d4       77%         1
 Summon Small Mammal      Summ           0%         N/A       77%         1
 Call Canine Familiar     Summ           0%         N/A       98%         3
 Ignite Poison            Fire/Tmut/Pois 0%         N/A       98%         3
 Mephitic Cloud           Conj/Pois/Air  0%         N/A       98%         3
 Summon Guardian Golem    Hex/Summ       0%         N/A       98%         3
 Vampiric Draining        Necr           0%         2d6       98%         3
 Bolt of Magma            Conj/Fire/Erth 0%         4d4       100%        5


Dungeon Overview and Level Annotations

Branches:
Dungeon (5/15)             Temple (1/1) D:4

Altars:
Cheibriados
Elyvilon
Fedhas
Hepliaklqana
Makhleb
Nemelex Xobeh
Qazlal
Ru
Trog
Vehumet
Xom
Yredelemnul
The Shining One

Shops:
D:1 [


Innate Abilities, Weirdness & Mutations

You cannot be hasted, slowed, berserked, paralysed or teleported.
You can dig through walls and to a lower floor.
You have a pair of large antennae on your head. (SInv)
Your four strong arms can wield two-handed weapons with a shield.


Message History

Aim: a kobold demonologist, wielding a +0 dagger and wearing a +0 robe (lightly wounded, 58% to hit)
You shoot a bolt. The bolt closely misses the ynoxinul.
The bolt barely misses the kobold demonologist.
Fire: 12 bolts
Press: ? - help, Q - select action, (/) - cycle Shift-Dir - straight line, f - kobold demonologist, p - kobold demonologist
Aim: a kobold demonologist, wielding a +0 dagger and wearing a +0 robe (58% to hit)
You shoot a bolt.
The bolt hits the ynoxinul but does no damage.
The ynoxinul is moderately wounded.
Fire: 11 bolts
Press: ? - help, Q - select action, (/) - cycle Shift-Dir - straight line, f/p - kobold demonologist
Aim: a kobold demonologist, wielding a +0 dagger and wearing a +0 robe (58% to hit)
You shoot a bolt. The bolt hits the ynoxinul.
The ynoxinul is moderately wounded.
The ynoxinul hits you!
The iron imp grins evilly.
Fire: 10 bolts
Press: ? - help, Q - select action, (/) - cycle Shift-Dir - straight line, f/p - kobold demonologist
Aim: a kobold demonologist, wielding a +0 dagger and wearing a +0 robe (58% to hit)
You shoot a bolt. The bolt hits the ynoxinul!
The ynoxinul is severely wounded.
The ynoxinul hits you!
Fire: 9 bolts
Press: ? - help, Q - select action, (/) - cycle Shift-Dir - straight line, f/p - kobold demonologist
Aim: a kobold demonologist, wielding a +0 dagger and wearing a +0 robe (58% to hit)
You shoot a bolt. The bolt hits the ynoxinul!
The ynoxinul is almost dead.
The ynoxinul hits you.
The kobold demonologist looks encouraged for a moment.
The ynoxinul hits you.
Fire: 8 bolts
Press: ? - help, Q - select action, (/) - cycle Shift-Dir - straight line, f/p - kobold demonologist
Aim: a kobold demonologist, wielding a +0 dagger and wearing a +0 robe (58% to hit)
You shoot a bolt.
The bolt hits the ynoxinul but does no damage.
The ynoxinul is almost dead.
The ynoxinul gestures at you. The iron shot hits you!!
Ouch! That really hurt!
You die...

... 5(. .5#
#K# #K#
#######K#
.......<#
#########3#
#.......#@#
#.........#
#######...#
###.# #<#.#
#.#.# #.#.#
#...# #.#.#


You could see 2 kobold demonologists, a ynoxinul (summoned), an iron imp
(summoned), a crimson imp (summoned) and a kobold.

Vanquished Creatures
  A black bear (D:4)
  A bullfrog zombie (D:5)
  A jelly (D:4)
  An orc priest (D:3)
  A hound (D:4)
  Terence (D:3)
  An orc wizard (D:4)
  3 gnolls (D:2)
  5 adders
  An adder skeleton (D:4)
  A dart slug (D:2)
  14 orcs
  7 ball pythons
  5 bats
  2 endoplasms (D:4)
  3 giant cockroaches
  4 goblins
  9 hobgoblins
  12 jackals
  8 kobolds
  4 frilled lizards
  3 rats (D:1)
88 creatures vanquished.

Notes
Turn   | Place    | Note
-------+----------+-------------------------------------------
     0 | D:1      | inmateoo the Formicid Hunter began the quest for the Orb.
     0 | D:1      | Reached XP level 1. HP: 16/16 MP: 1/1
   270 | D:1      | Reached XP level 2. HP: 22/23 MP: 2/2
   565 | D:1      | Reached skill level 1 in Armour
   565 | D:1      | Reached XP level 3. HP: 21/28 MP: 3/3
  1312 | D:1      | Found Luxireogh's Armour Shop.
  1577 | D:2      | Reached XP level 4. HP: 34/34 MP: 4/4
  1765 | D:2      | Found a white marble altar of Elyvilon.
  2164 | D:3      | Reached XP level 5. HP: 41/41 MP: 5/5
  2173 | D:3      | Found a shimmering altar of Xom.
  2272 | D:3      | Noticed Terence
  2307 | D:3      | Killed Terence
  2523 | D:3      | Found a blossoming altar of Fedhas.
  2821 | D:3      | Reached skill level 5 in Crossbows
  2940 | D:4      | Reached XP level 6. HP: 48/48 MP: 6/6
  3114 | D:4      | Noticed a black bear
  3125 | D:4      | Killed a black bear
  3273 | D:4      | Found a staircase to the Ecumenical Temple.
  3293 | Temple   | Entered the Ecumenical Temple
  3618 | D:4      | Reached XP level 7. HP: 53/54 MP: 7/7
  4531 | D:5      | Entered Level 5 of the Dungeon
  4557 | D:5      | Noticed a kobold demonologist
  4557 | D:5      | Noticed a kobold demonologist
  4559 | D:5      | Noticed a ynoxinul
  4565 | D:5      | Killed from afar by a ynoxinul

Illustrated notes

Levels and vault maps discovered:
D:1:      eino_arrival_cavern_b, layout_loops_ring, serial_shops,
          shop_fountains, minmay_misc_feat_ornament, nrook_campfire
D:2:      minmay_door_path, layout_rooms, basic_altar,
          chequers_serial_rivers_small_a
D:3:      layout_rooms, lemuel_round_altar, mainiacjoe_overflow_alcove_1,
          uniq_terence
D:4:      layout_layer_cave, minmay_temple_entry_statues_fountains
D:5:      layout_basic
Temple:   jpeg_temple_alley_garden

Skill      XL: |  1  2  3  4  5  6 |
---------------+-------------------+-----
Dodging        | 2 |  2.0
Armour         | 1 2 3 4 |  4.3
Stealth        | 2 |  2.0
Fighting       | 3 4 |  4.0
Crossbows      | 5 |  5.9

Action                   |  1- 3 |  4- 6 |  7- 9 || total
-------------------------+-------+-------+-------++-------
Melee: Short sword       |    99 |       |    15 ||   114
 Fire: Hand crossbow     |    17 |   133 |    23 ||   173
  Use: Scroll            |     5 |     6 |       ||    11
 Stab: Sleeping          |     1 |       |       ||     1
Armor: Leather armour    |    27 |       |       ||    27
       Scale mail        |       |    56 |     9 ||    65
Dodge: Dodged            |    71 |    48 |    13 ||   132
